 Dungeon Crawl Stone Soup version 0.27.1-33-g824d729ab1 (webtiles) character file.

Game seed: 2717500513529104717

6 sking99 the Insei (level 1, 9/15 HPs)
             Began as a Merfolk Transmuter on Dec 8, 2021.
             Got out of the dungeon alive.
             The game lasted 00:00:42 (230 turns).

sking99 the Insei (Merfolk Transmuter)               Turns: 230, Time: 00:00:43

Health: 9/15       AC:  2    Str: 10    XL:     1   Next: 90%
Magic:  2/3        EV: 12    Int: 12    God:
Gold:   14         SH:  0    Dex: 14    Spells: 3/4 levels left

rFire    . . .     SeeInvis .     - Unarmed
rCold    . . .     Faith    .   (no shield)
rNeg     . . .     Spirit   .   a - +0 robe
rPois    .         Reflect  .   (helmet currently unavailable)
rElec    .         Harm     .   (no cloak)
rCorr    .         Rampage  .   (no gloves)
Will     .....                  (boots currently unavailable)
Stlth    +.........             (no amulet)
HPRegen  0.05/turn              (no ring)
MPRegen  0.08/turn              (no ring)

@: appendages
A: horns 2, (nimble swimmer 2), mertail
a: End Transformation


You escaped.
You had temporarily grown beastly horns.
You visited 1 branch of the dungeon, and saw 1 of its levels.

You collected 14 gold pieces.

Inventory:

Armour
 a - a +0 robe (worn)
Potions
 b - a potion of brilliance {unknown}


   Skills:
 + Level 1.4 Fighting
 - Level 2.6 Dodging
 * Level 3.6 Unarmed Combat
 - Level 2.0 Spellcasting
 - Level 2.6 Transmutations


You had 3 spell levels left.
You knew the following spells:

 Your Spells              Type           Power      Damage    Failure   Level
a - Beastly Appendage     Tmut           14%        N/A       9%          1

Your spell library contained the following spells:

 Spells                   Type           Power      Damage    Failure   Level
 Wereblood                Tmut           7%         N/A       14%         2
 Spider Form              Tmut/Pois      2%         N/A       43%         3
 Ice Form                 Ice/Tmut       4%         N/A       83%         4


Dungeon Overview and Level Annotations

Branches:
Dungeon (1/15)

Altars:


Innate Abilities, Weirdness & Mutations

You have temporarily grown beastly horns.
((You are quick and stealthy near water. (Stealth+, EV+, Speed+++)))
Your lower body shifts to a powerful aquatic tail in water.


Message History

The goblin shouts!
A bat comes into view.
The bat hits you but does no damage. The bat barely misses you.
The bat closely misses you. The bat barely misses you.
A goblin comes into view. It is wielding a +0 club.
You closely miss the bat. The bat hits you.
You closely miss the bat.
The goblin shouts!
You hear an angry hiss.
The bat misses you. The bat hits you but does no damage.
You hit the bat.
You kill the bat!
The bat barely misses you.
You barely miss the bat. The bat barely misses you.
A ball python comes into view.
You hit the bat.
You kill the bat!
You hit the goblin.
The goblin is moderately wounded.
The goblin hits you with a +0 club.
You barely miss the goblin.
The goblin is moderately wounded.
The goblin closely misses you.
You see here a +0 club.
You see here a ball python corpse.
The goblin closely misses you.
Casting: Beastly Appendage (safe; 9% risk of failure)
Confirm with . or Enter, or press ? or * to list all spells.
You grow a pair of large bovine horns.
The goblin barely misses you.
You barely miss the rat. The rat bites you. The goblin closely misses you.
The rat bites you. The goblin closely misses you.
The goblin hits you but does no damage. The goblin closely misses you.
There is a staircase leading out of the dungeon here.
Are you sure you want to leave the Dungeon?
This will make you lose the game! The rat barely misses you.
The goblin hits you with a +0 club. The rat barely misses you.
The goblin barely misses you.
You have escaped!

#.....g##.....#####
#.......r..........
#......####.######.
#....)...........#
#.##.#.####...##.#.#
#.##.#.............#
#....####.....##.###
#######....gr....#
#...Sg@....#
#....r.....#
#..........#
#....8.....#
#...♣......#
#..........#
#..........#
#...........


You could see 2 goblins, a ball python and 2 rats.

Vanquished Creatures
  A ball python (D:1)
  A hobgoblin (D:1)
  A kobold (D:1)
  2 bats (D:1)
  A rat (D:1)
6 creatures vanquished.

Notes
Turn   | Place    | Note
-------+----------+-------------------------------------------
     0 | D:1      | sking99 the Merfolk Transmuter began the quest for the Orb.
     0 | D:1      | Reached XP level 1. HP: 15/15 MP: 3/3
   230 | D:$      | Got out of the dungeon alive.

Illustrated notes

Levels and vault maps discovered:
D:1:      wander_arrival_lonely_grave, layout_basic

Action                   || total
-------------------------++-------
Melee: Unarmed           ||    23
 Cast: Beastly Appendage ||     1
Armor: Robe              ||     6
Dodge: Dodged            ||    24
